 Dungeon Crawl Stone Soup version 0.19-a0-1201-gda63bca (webtiles) character file.

6836 inmateoo the Spear-Bearer (level 10, -4/71 HPs)
             Began as a Mummy Fighter on Aug 21, 2016.
             Was a High Priest of Hepliaklqana.
             Slain by a small abomination (11 damage)
             ... on level 2 of the Abyss.
             The game lasted 00:17:04 (10097 turns).

inmateoo the Spear-Bearer (Mummy Fighter)          Turns: 10097, Time: 00:17:05

Health: -4/71      AC: 13    Str: 23    XL:     10   Next: 77%
Magic:  16/16      EV:  8    Int: 10    God:    Hepliaklqana [*****.]
Gold:   502        SH:  9    Dex: 12    Spells: 0 memorised, 9 levels left

rFire  x . .     SeeInvis .     w - +2 spear (flame)
rCold  + . .     Gourm    .     n - +4 ring mail of Ofoloy {*Drain rElec Int+3}
rNeg   + + +     Faith    .     c - +0 shield
rPois  ∞         Spirit   .     r - +0 helmet
rElec  +         Dismiss  .     p - +0 cloak
rCorr  .         Reflect  .     v - +1 pair of gloves
MR     +....     Harm     .     (no boots)
Stlth  +.........               (no amulet)
                                (no ring)
                                u - ring of flight

@: very slightly contaminated
A: no food or potions, fire vulnerability, cold resistance 1, negative energy
resistance 3, torment resistance, unbreathing
a: Recall Ancestor, Ancestor Identity, Transference, Idealise, Renounce
Religion, Evoke Flight


You were on level 2 of the Abyss.
You worshipped Hepliaklqana.
Hepliaklqana was extremely pleased with you.
You were not hungry.

You visited 2 branches of the dungeon, and saw 11 of its levels.
You visited the Abyss 1 time.

You collected 502 gold pieces.

Inventory:

Hand Weapons
 a - a +0 trident
 q - a +1 spear of pain
 t - the +7 mace "Keaxuywu" {speed, Int+5 Stlth-}
   (You found it on level 9 of the Dungeon)

   Attacks with this weapon are significantly faster.
   It affects your intelligence (+5).
   It makes you less stealthy.
 w - a +2 spear of flaming (weapon)
Armour
 c - a +0 shield (worn)
 e - the +0 pair of boots of Heeshya {rPois rF+ Str-2, unknown}
   (You acquired it on level 2 of the Abyss)

   It affects your strength (-2).
   It protects you from fire.
   It protects you from poison.
 n - the +4 ring mail of Ofoloy (worn) {*Drain rElec Int+3}
   (You found it on level 5 of the Dungeon)

   It affects your intelligence (+3).
   It insulates you from electricity.
   It causes draining when unequipped.
 p - a +0 cloak (worn)
 r - a +0 helmet (worn)
 v - a +1 pair of gloves (worn)
Rods
 l - a +0 iron rod (12/12)
   (You found it on level 4 of the Dungeon)
Jewellery
 u - a ring of flight (left hand)
 z - a +5 ring of dexterity {unknown}
Wands
 k - a wand of iceblast (6/15)
 x - a wand of slowing (13/48)
Scrolls
 b - a scroll of fog
 d - 9 scrolls of identify
 f - 2 scrolls of amnesia
 g - a scroll of acquirement
 h - 4 scrolls of remove curse
 i - 2 scrolls of recharging
 m - 2 scrolls of enchant weapon
 o - a scroll of enchant armour
 s - 3 scrolls of magic mapping
Books
 j - a Grand Grimoire

   Spells                             Type                      Level
   a - Monstrous Menagerie            Summoning                    7
   b - Summon Greater Demon           Summoning                    7
   c - Malign Gateway                 Summoning/Translocation      7
   d - Summon Horrible Things         Summoning                    8


   Skills:
 + Level 7.5 Fighting
 * Level 9.5 Polearms
 - Level 2.4 Armour
 - Level 2.4 Shields
 * Level 8.5 Evocations


You had 9 spell levels left.
You didn't know any spells.

Dungeon Overview and Level Annotations

Branches:
Dungeon (10/15)            Temple (1/1) D:4            Lair (0/6) D:9
    Orc (0/2) D:10

Altars:
Ashenzari
Cheibriados
Dithmenos
Elyvilon
Fedhas
Gozag
Hepliaklqana
Kikubaaqudgha
Makhleb
Nemelex Xobeh
Okawaru
Qazlal
Ru
Sif Muna
Trog
Uskayaw
Vehumet
Xom
Yredelemnul
Zin
The Shining One

Shops:
D:7 =

Annotations:
D:6 5 runed doors


Innate Abilities, Weirdness & Mutations

You do not eat or drink.
Your flesh is vulnerable to fire.
You are immune to poison.
Your flesh is cold resistant. (rC+)
You are immune to negative energy. (rN+++)
You are immune to unholy pain and torment.
You can survive without breathing.


Message History

Moving in this stuff is going to be slow.
A tentacled starspawn comes into view.
A hellion comes into view.
The hellion gives a hideous shriek!
The small abomination hits you!!
* * * LOW HITPOINT WARNING * * *
Unknown command.
A tentacled starspawn comes into view.
Tentacles burst from the starspawn's body!
A tentacle flies out from the starspawn's body! 3 starspawn tentacles come into view.
Unknown command.
Unknown command.
The small abomination closely misses you.
Unknown command.
Unknown command.
The small abomination closely misses you.
Unknown command.
The small abomination hits you!
You die...

≈≈≈≈≈≈≈≈≈≈≈≈≈# ..
≈≈≈≈≈≈ ≈≈X≈..#..
≈♣≈≈≈≈≈≈≈≈≈...#
≈≈≈≈≈X≈≈≈≈2..#
≈≈≈≈≈.≈.....#
≈≈≈≈≈≈x.#.#.### .
≈≈≈≈≈≈≈≈#.#.#.#..
≈≈≈≈..≈≈≈x....#.#
≈≈≈.#..#.@.#.....
≈.≈..#..#.#...#.#
≈≈≈≈......#..###.
≈≈≈#.#...#....# #
.......# #.....
#..#..#. .......#
.##.#..# ..#....
#.##.. # ?#..#.


You could see 2 tentacled starspawn, a hellion and 2 small abominations.

Vanquished Creatures
  Erolcha (D:10)
  Joseph (D:10)
  A water moccasin (D:9)
  A slave (D:8)
  An orc warrior (D:10)
  A sky beast (D:6)
  A necrophage (D:10)
  5 ogres
  A phantom (D:5)
  2 black bears
  A centaur (D:7)
  2 giant frogs
  2 gnoll sergeants (D:10)
  A water moccasin zombie (D:7)
  A wyvern skeleton (D:10)
  3 scorpions
  11 killer bees
  3 wights (D:9)
  3 howler monkeys
  3 crimson imps
  A hound (D:10)
  2 giant frog skeletons (D:5)
  A jelly (D:5)
  An orc priest (D:7)
  3 iguanas
  2 orc wizards
  4 worker ants
  13 adders
  6 gnolls
  2 shadow imps
  2 oozes
  An adder skeleton (D:6)
  4 worms
  4 dart slugs
  2 giant geckos
  19 orcs
  2 ball pythons
  2 giant cockroaches
  8 goblins
  9 hobgoblins
  14 jackals
  7 kobolds
  2 quokkas
  6 bats
  A giant gecko skeleton (D:5)
  6 giant newts
  4 rats
173 creatures vanquished.

Vanquished Creatures (collateral kills)
  A hydra (D:10)
  Pikel (D:8)
  An orc warrior (D:10)
  An ice beast (D:7)
  A phantom (D:9)
  A centaur (D:5)
  2 ogres
  2 big kobolds (D:10)
  4 giant frogs
  A scorpion (D:9)
  2 wights (D:9)
  A killer bee (D:8)
  2 howler monkeys
  3 crimson imps
  A jelly (D:9)
  A hound (D:4)
  2 orc priests
  A gnoll shaman (D:6)
  4 orc wizards
  An iguana (D:7)
  2 worker ants
  4 adders
  A gnoll (D:10)
  A shadow imp (D:7)
  9 orcs
  A jackal (D:10)
  2 quokkas
53 creatures vanquished.

Vanquished Creatures (others)
  A slave (D:8)
  An orc wizard (D:8)
  5 knights
  4 ancestors
  2 orcs (D:8)
  4 starspawn tentacles (Abyss:2)
17 creatures vanquished.

Grand Total: 243 creatures vanquished

Notes
Turn   | Place    | Note
-------+----------+-------------------------------------------
     0 | D:1      | inmateoo the Mummy Fighter began the quest for the Orb.
     0 | D:1      | Reached XP level 1. HP: 18/18 MP: 1/1
   104 | D:1      | Reached skill level 2 in Polearms
   123 | D:1      | Reached XP level 2. HP: 17/24 MP: 2/2
   481 | D:1      | Reached XP level 3. HP: 24/29 MP: 3/3
   526 | D:1      | Reached skill level 3 in Polearms
  1004 | D:2      | Reached XP level 4. HP: 25/35 MP: 4/4
  1070 | D:2      | Found a sparkling altar of Nemelex Xobeh.
  1685 | D:3      | Reached skill level 4 in Polearms
  2001 | D:3      | Reached XP level 5. HP: 28/41 MP: 5/5
  2418 | D:4      | Found a staircase to the Ecumenical Temple.
  2440 | Temple   | Entered the Ecumenical Temple
  2713 | Temple   | Became a worshipper of Hepliaklqana
  2991 | D:4      | Found a shattered altar of Ashenzari.
  3119 | D:4      | Reached skill level 5 in Polearms
  3641 | D:4      | Reached XP level 6. HP: 42/42 MP: 6/6
  3645 | D:4      | Found a sacrificial altar of Ru.
  3646 | D:4      | Found a bloodstained altar of Trog.
  3734 | D:4      | Reached skill level 1 in Evocations
  3870 | D:5      | Entered Level 5 of the Dungeon
  3870 | D:5      | Reached * piety under Hepliaklqana
  3923 | D:5      | Got a faintly humming ring mail
  3934 | D:5      | Identified the +4 ring mail of Ofoloy {*Drain rElec Int+3} (You found it on level 5 of the Dungeon)
  4437 | D:5      | HP: 2/42 [centaur/arrow (2)]
  4936 | D:5      | Reached XP level 7. HP: 47/47 MP: 8/8
  5166 | D:5      | Found a snail-covered altar of Cheibriados.
  5351 | D:6      | Found a runed door.
  5367 | D:6      | Found a runed door.
  5738 | D:6      | Reached XP level 8. HP: 54/54 MP: 11/11
  5833 | D:6      | Reached skill level 6 in Polearms
  5942 | D:6      | Reached ** piety under Hepliaklqana
  5943 | D:6      | Remembered your ancestor Quintus as a knight
  6129 | D:6      | Found a runed gate.
  6153 | D:6      | Found a runed gate.
  6153 | D:6      | Found a runed gate.
  6498 | D:7      | Reached skill level 5 in Fighting
  6539 | D:7      | Found a radiant altar of Vehumet.
  6560 | D:7      | Reached skill level 5 in Evocations
  6804 | D:7      | Found Koute's Jewellery Emporium.
  7078 | D:8      | Found an opulent altar of Gozag.
  7296 | D:8      | Reached *** piety under Hepliaklqana
  7311 | D:8      | Found a blossoming altar of Fedhas.
  7345 | D:8      | Noticed Pikel
  7377 | D:8      | Killed Pikel
  7377 | D:8      | Reached skill level 7 in Polearms
  7377 | D:8      | Reached XP level 9. HP: 47/62 MP: 13/13
  8095 | D:9      | Got a bloodstained mace
  8096 | D:9      | Identified the +7 mace "Keaxuywu" {speed, Int+5 Stlth-} (You found it on level 9 of the Dungeon)
  8164 | D:9      | Found a staircase to the Lair.
  8260 | D:9      | Reached skill level 8 in Polearms
  8320 | D:9      | Reached **** piety under Hepliaklqana
  8651 | D:10     | Entered Level 10 of the Dungeon
  8709 | D:10     | Noticed Joseph
  8793 | D:10     | Reached XP level 10. HP: 58/69 MP: 15/15
  8801 | D:10     | Killed Joseph
  8853 | D:10     | Found a staircase to the Orcish Mines.
  8877 | D:10     | Noticed a four-headed hydra
  9284 | D:10     | Noticed Erolcha
  9305 | D:10     | Killed Erolcha
  9305 | D:10     | Reached skill level 9 in Polearms
  9366 | D:10     | Killed a four-headed hydra
  9909 | D:10     | Cast into level 1 of the Abyss (gnoll sergeant)
 10038 | Abyss:2  | Reached ***** piety under Hepliaklqana
 10051 | Abyss:2  | Noticed a reaper
 10072 | Abyss:2  | Identified 2 scrolls of acquirement
 10073 | Abyss:2  | Got a pair of fine boots
 10091 | Abyss:2  | Noticed a tentacled starspawn
 10093 | Abyss:2  | Noticed a tentacled starspawn
 10097 | Abyss:2  | Slain by a small abomination

Vault maps used:
D:1:      minmay_arrival_four_circles, hangedman_decor_points
D:2:      nemelex_xobeh_ov_fountains_minmay
D:3:      minmay_lizard_king
D:4:      ashenzari_conservatory_becter, minitemple, first_bread
D:5:      marbit_many_paths, minmay_bent
D:6:      columned_hall_lemuel, st_stairs_10, dk_noncrumbling_4,
          minmay_guarded_unrand_staff_of_olgreb
D:7:      nicolae_overflow_crystal_walls, serial_shops, shop
D:8:      minmay_klotski, fedhas_altar_1, grunt_gozag_breadcrumbs, uniq_grum,
          uniq_pikel
D:9:      lair_0_dummy
D:10:     kennysheep_orc_monster_closet_entryway, uniq_erolcha, uniq_joseph
Temple:   oiseaux_autumnal_temple
Abyss:1:  minivault_1

Skill      XL: |  1  2  3  4  5  6  7  8  9 10 |
---------------+-------------------------------+-----
Polearms       | 2 3 4 5 7 8 9 |  9.5
Evocations     | 2 4 6 7 8 |  8.5
Fighting       | 4 5 6 7 |  7.5
Armour         | |  2.4
Shields        | |  2.4

Action                   |  1- 3 |  4- 6 |  7- 9 | 10-12 || total
-------------------------+-------+-------+-------+-------++-------
Melee: Trident           |   149 |   322 |   284 |    11 ||   766
       Mace              |       |       |    51 |    61 ||   112
       Spear             |       |       |       |    61 ||    61
Invok: Recall Ancestor   |       |     1 |     1 |       ||     2
       Ancestor Life: Kn |       |       |     1 |       ||     1
Evoke: Rod               |       |     2 |     6 |     2 ||    10
  Use: Scroll            |       |     7 |     7 |     7 ||    21
 Stab: Distracted        |       |     1 |       |     1 ||     2
Armor: Scale mail        |    62 |    85 |       |       ||   147
       Ring mail         |       |    29 |    94 |    39 ||   162
Dodge: Dodged            |    41 |    93 |    74 |    29 ||   237
Block: Shield            |    55 |   104 |   139 |    52 ||   350
